 Dungeon Crawl Stone Soup version 0.27-a0-1384-g1422d76b99 (webtiles) character file.

Game seed: 2085252533737188302

395 mandarbmax the Grasshopper (level 6, -3/51 HPs)
             Began as a Gnoll Warper on July 1, 2021.
             Was a Priest of Lugonu.
             Slain by an ice beast (10 damage)
             ... on level 5 of the Dungeon.
             The game lasted 00:10:32 (4111 turns).

mandarbmax the Grasshopper (Gnoll Warper)           Turns: 4111, Time: 00:10:32

Health: -3/51      AC:  9    Str: 11    XL:     6   Next: 82%
Magic:  10/14      EV: 13    Int: 14    God:    Lugonu [***...]
Gold:   111        SH:  0    Dex: 11    Spells: 9/15 levels left

rFire    . . .     SeeInvis .   a - +2 whip (venom)
rCold    . . .     Faith    .   (no shield)
rNeg     + . .     Spirit   .   k - +0 leather armour
rPois    .         Reflect  .   (no helmet)
rElec    .         Harm     .   (no cloak)
rCorr    .         Rampage  .   q - +0 pair of gloves
Will     .....                  p - +0 pair of boots
Stlth    ++........             (no amulet)
HPRegen  0.17/turn              j - ring of positive energy
MPRegen  0.14/turn              (no ring)

@: mighty, ice-armoured, flying
A: fangs 1, strong nose, distributed training
a: Renounce Religion, Depart the Abyss, Bend Space, Banish


You were on level 5 of the Dungeon.
You worshipped Lugonu.
Lugonu was most pleased with you.
You visited 1 branch of the dungeon, and saw 5 of its levels.

You collected 155 gold pieces.
You spent 44 gold pieces at shops.

Inventory:

Hand Weapons
 a - a +2 whip of venom (weapon)
Missiles
 d - 5 boomerangs of dispersal (quivered)
 u - a throwing net
Armour
 k - a +0 leather armour (worn)
 p - a +0 pair of boots (worn)
 q - a +0 pair of gloves (worn)
Magical Staves
 b - a staff of cold
 m - a staff of conjuration
Jewellery
 j - a ring of positive energy (left hand)
 v - a ring of poison resistance
Wands
 w - a wand of polymorph (8)
 x - a wand of iceblast (7)
Scrolls
 c - a scroll of blinking
 h - 2 scrolls of identify {unknown}
 l - a scroll of amnesia
 o - a scroll of summoning {unknown}
 r - a scroll of holy word {unknown}
 t - a scroll of torment {unknown}
Potions
 e - a potion of brilliance {unknown}
 f - 2 potions of curing
 g - a potion of berserk rage {unknown}
 i - a potion of mutation {unknown}
 n - 3 potions of flight


   Skills:
 + Level 5.0 Fighting
 + Level 2.1 Short Blades
 + Level 2.1 Long Blades
 + Level 2.1 Axes
 + Level 5.0 Maces & Flails
 + Level 2.1 Polearms
 + Level 2.1 Staves
 + Level 2.1 Slings
 + Level 2.1 Bows
 + Level 2.1 Crossbows
 + Level 3.3 Throwing
 + Level 3.3 Armour
 + Level 5.0 Dodging
 + Level 2.1 Stealth
 + Level 2.1 Shields
 + Level 2.1 Unarmed Combat
 + Level 5.4 Spellcasting
 + Level 1.7 Conjurations
 + Level 1.7 Hexes
 + Level 1.7 Summonings
 + Level 1.7 Necromancy
 + Level 5.7 Translocations
 + Level 1.7 Transmutations
 + Level 1.7 Fire Magic
 + Level 1.7 Ice Magic
 + Level 1.7 Air Magic
 + Level 1.7 Earth Magic
 + Level 1.7 Poison Magic
 + Level 2.3 Invocations
 + Level 2.1 Evocations


You had 9 spell levels left.
You knew the following spells:

 Your Spells              Type           Power      Damage    Failure   Level
a - Blink                 Tloc           N/A        N/A       3%          2
b - Ozocubu's Armour      Ice            8%         N/A       30%         3
c - Freeze                Ice            32%        1d5       11%         1

Your spell library contained the following spells:

 Spells                   Type           Power      Damage    Failure   Level
 Gell's Gravitas          Tloc           9%         N/A       6%          3
 Lesser Beckoning         Tloc           9%         N/A       6%          3
 Teleport Other           Tloc           19%        N/A       6%          3
 Frozen Ramparts          Ice            16%        1d3       30%         3
 Manifold Assault         Tloc           19%        N/A       50%         5
 Hailstorm                Conj/Ice       8%         3d4       71%         4
 Metabolic Englaciation   Hex/Ice        4%         N/A       96%         5


Dungeon Overview and Level Annotations

Branches:
Dungeon (5/15)
 Temple: D:4-7

Altars:
Lugonu

Shops:
D:1 [   D:3 :=!!(


Innate Abilities, Weirdness & Mutations

You have very sharp teeth.
Your uncanny sense of smell can sniff out nearby items.
Your experience applies equally to all skills.


Message History

Your +2 whip of venom stops dripping with poison.
b - a staff of cold (weapon)
You feel sick.
Casting: Ozocubu's Armour (dangerous; 32% risk of failure)
Confirm with . or Enter, or press ? or * to list all spells.
You feel a surge of power! A film of ice covers your body!
You feel sick. The adder bites you but does no damage.
The adder closely misses you.
Your +2 whip of venom begins to drip with poison!
a - a +2 whip of venom (weapon)
You feel sick.
You closely miss the adder.
The adder is severely wounded.
You feel sick. The adder bites you but does no damage.
You hit the adder.
The adder looks as sick as possible!
The adder is almost dead.
You feel sick.
You kill the adder!
Lugonu accepts your kill.
Aiming: Polymorph
Press: ? - help, Shift-Dir - straight line, f - ice beast
Aim: an ice beast (will become a steam dragon, a water moccasin, or a tengu, chance to affect: 51%)
Okay, then.
It was a potion of flight.
You feel very buoyant.
You fly up into the air.
You feel sick.
You hit the ice beast but do no damage. The ice beast hits you.
The ice beast freezes you!
* * * LOW HITPOINT WARNING * * *
Unknown command.
Okay, then.
You feel better. The ice beast closely misses you.
You feel very mighty all of a sudden. The ice beast hits you.
The ice beast freezes you!
* * * LOW HITPOINT WARNING * * *
Unknown command.
You closely miss the ice beast. Your bite misses the ice beast.
The ice beast hits you.
* * * LOW HITPOINT WARNING * * *
The ice beast freezes you!
You die...

#............
#............
#............
#.)..........
#............
#...(........
#............
#####Y######
########@#
.........#
#.......##
#.......#
#.......#
#.......#
#.......## ∆
#........#
.........##+#


You could see an ice beast.

Vanquished Creatures
  An ogre (D:4)
  2 howler monkeys (D:4)
  A hound (D:4)
  An orc wizard (D:4)
  4 gnolls (D:3)
  5 adders
  An ufetubus (D:4)
  A worm (D:2)
  2 dart slugs
  7 orcs
  7 endoplasms
  A giant cockroach (D:3)
  8 goblins
  8 hobgoblins
  4 jackals (D:1)
  3 quokkas (D:3)
  6 ball pythons
  6 bats
  5 frilled lizards
  11 kobolds
  5 rats
89 creatures vanquished.

Notes
Turn   | Place    | Note
-------+----------+-------------------------------------------
     0 | D:1      | mandarbmax the Gnoll Warper began the quest for the Orb.
     0 | D:1      | Reached XP level 1. HP: 20/20 MP: 6/6
   264 | D:1      | Reached XP level 2. HP: 15/26 MP: 7/7
   994 | D:1      | Reached XP level 3. HP: 31/31 MP: 9/9
  1036 | D:1      | Found a faded altar of an unknown god.
  1039 | D:1      | Reached skill level 5 in Spellcasting
  1166 | D:1      | Became a worshipper of Lugonu the Unformed
  1166 | D:1      | Reached * piety under Lugonu
  1166 | D:1      | Reached ** piety under Lugonu
  1335 | D:1      | Found Vizyf's Armour Emporium.
  1536 | D:2      | Learned a level 2 spell: Blink
  1651 | D:2      | Reached skill level 1 in Invocations
  2001 | D:2      | Reached skill level 1 in Short Blades
  2001 | D:2      | Reached skill level 1 in Long Blades
  2001 | D:2      | Reached skill level 1 in Axes
  2001 | D:2      | Reached skill level 1 in Polearms
  2001 | D:2      | Reached skill level 1 in Staves
  2001 | D:2      | Reached skill level 1 in Slings
  2001 | D:2      | Reached skill level 1 in Bows
  2001 | D:2      | Reached skill level 1 in Crossbows
  2001 | D:2      | Reached skill level 1 in Stealth
  2001 | D:2      | Reached skill level 1 in Shields
  2001 | D:2      | Reached skill level 1 in Unarmed Combat
  2001 | D:2      | Reached skill level 1 in Evocations
  2336 | D:2      | Learned a level 3 spell: Ozocubu's Armour
  2338 | D:2      | Learned a level 1 spell: Freeze
  2434 | D:3      | Reached XP level 4. HP: 38/38 MP: 11/11
  2575 | D:3      | Found Haiphol's Jewellery Boutique.
  2593 | D:3      | Found Uruyqi's Book Shoppe.
  2615 | D:3      | Found Amadez's Distillery.
  2615 | D:3      | Found Lonekalyt's Distillery.
  2627 | D:3      | Bought a potion of might for 44 gold pieces
  2712 | D:3      | Reached skill level 1 in Conjurations
  2712 | D:3      | Reached skill level 1 in Hexes
  2712 | D:3      | Reached skill level 1 in Summonings
  2712 | D:3      | Reached skill level 1 in Necromancy
  2712 | D:3      | Reached skill level 1 in Transmutations
  2712 | D:3      | Reached skill level 1 in Fire Magic
  2712 | D:3      | Reached skill level 1 in Ice Magic
  2712 | D:3      | Reached skill level 1 in Air Magic
  2712 | D:3      | Reached skill level 1 in Earth Magic
  2712 | D:3      | Reached skill level 1 in Poison Magic
  2970 | D:3      | Reached XP level 5. HP: 43/43 MP: 12/12
  3214 | D:3      | Found Reorph's Antique Weapon Emporium.
  3474 | D:4      | Reached *** piety under Lugonu
  3574 | D:4      | Reached XP level 6. HP: 47/50 MP: 10/13
  3787 | D:4      | Reached skill level 5 in Fighting
  3787 | D:4      | Reached skill level 5 in Maces & Flails
  3787 | D:4      | Reached skill level 5 in Dodging
  4056 | D:5      | Entered Level 5 of the Dungeon
  4085 | D:5      | Noticed an ice beast
  4111 | D:5      | Slain by an ice beast

Illustrated notes

Levels and vault maps discovered:
D:1:      mushboom_english_gardens, layout_loops_corners, serial_shops, shop,
          hellmonk_ecumenical_altar_blasted
D:2:      layout_loops_ring
D:3:      layout_basic, serial_shops, shop, nicolae_shop_stone,
          nicolae_shop_crystal, shop, shop, chequers_serial_rivers_micro_b
D:4:      layout_rooms, nrook_loot_triangle
D:5:      layout_basic, kennysheep_little_box, grunt_gozag_statues

Skill      XL: |  1  2  3  4  5  6 |
---------------+-------------------+-----
Spellcasting   | 5 |  5.4
Invocations    | 1 2 |  2.3
Short Blades   | 1 2 |  2.1
Long Blades    | 1 2 |  2.1
Axes           | 1 2 |  2.1
Polearms       | 1 2 |  2.1
Staves         | 1 2 |  2.1
Slings         | 1 2 |  2.1
Bows           | 1 2 |  2.1
Crossbows      | 1 2 |  2.1
Stealth        | 1 2 |  2.1
Shields        | 1 2 |  2.1
Unarmed Combat | 1 2 |  2.1
Evocations     | 1 2 |  2.1
Conjurations   | 1 |  1.7
Hexes          | 1 |  1.7
Summonings     | 1 |  1.7
Necromancy     | 1 |  1.7
Transmutations | 1 |  1.7
Fire Magic     | 1 |  1.7
Ice Magic      | 1 |  1.7
Air Magic      | 1 |  1.7
Earth Magic    | 1 |  1.7
Poison Magic   | 1 |  1.7
Throwing       | 3 |  3.3
Armour         | 3 |  3.3
Fighting       | 5 |  5.0
Maces & Flails | 5 |  5.0
Dodging        | 5 |  5.0
Translocations | |  5.7

Action                   |  1- 3 |  4- 6 || total
-------------------------+-------+-------++-------
Melee: Mace              |   110 |       ||   110
       Bite              |     5 |    10 ||    15
       Whip              |    12 |   152 ||   164
 Cast: Ozocubu's Armour  |       |     4 ||     4
  Use: Potion            |     1 |     3 ||     4
       Scroll            |       |     1 ||     1
 Stab: Sleeping          |       |     1 ||     1
Armor: Leather armour    |    40 |    36 ||    76
Dodge: Dodged            |   108 |    95 ||   203

Table legend: (Time is in decaauts)
 A = Elapsed time spent in this place.
 B = Non-inter-level travel time spent in this place.
 C = Inter-level travel time spent in this place.
 D = Time resting spent in this place.
 E = Time spent auto-exploring this place.
 F = Levels seen in this place.
 G = Mean time per level.
                   A        B        C        D        E       F      G
               +--------+--------+--------+--------+--------+-----+--------+
         Total |   4101 |   3995 |    106 |    345 |   2997 |   5 |  820.2 |
       Dungeon |   4101 |   3995 |    106 |    345 |   2997 |   5 |  820.2 |
               +--------+--------+--------+--------+--------+-----+--------+

Top non-repeatable levels by time:
     D:1: 1521 daAuts
     D:2: 921 daAuts
     D:3: 831 daAuts
     D:4: 777 daAuts
     D:5: 50 daAuts
